Rockets vs Phantoms (R1)

Created - November 7, 2024 at 19:09

Goals
1 2 3 OT1 SO T
Rockets 2 2 1 0 1 6
Phantoms 1 3 1 0 0 5
Shots
1 2 3 OT1 SO T
Rockets 13 9 4 4 4 30
Phantoms 11 9 18 6 4 44

1st period

1. Rockets , Brady Tkachuk 4 (Nick Suzuki 4, Jeff Corbett 4) at 10:08
2. Phantoms , Joe Snively 5 (Lucas Wallmarkk 2, Andrey Pedan 1) at 10:34
3. Rockets , Josh Anderson 1 (Grant Besse 1, Matias Maccelli 5) at 11:02

Penalties :
Lucas Wallmarkk (Leh) for Roughing (Minor) at 12:48

2nd period

4. Phantoms , Laurent Dauphin 1 (Andrey Pedan 2) at 3:34
5. Rockets , Jeff Corbett 1 (Kirby Dach 4) at 4:42 (PP)
6. Rockets , Alex Newhook 1 (Matias Maccelli 6, Josh Anderson 1) at 13:59
7. Phantoms , Cristoval Nieves 1 (Rem Pitlick 4) at 16:02
8. Phantoms , Mikko Lehtonen 2 (Joe Snively 9, Lucas Wallmarkk 3) at 16:19 (PP)

Penalties :
Nick Suzuki (Lav) for Interference (Minor) at 0:13, Sven Andrighetto (Leh) for High sticking (Minor) at 1:28, Mikko Lehtonen (Leh) for Delaying the game (Minor) at 4:05, Tage Thompson (Lav) for Cross-checking (Minor) at 16:07, Cristoval Nieves (Leh) for Holding (Minor) at 16:52

3rd period

9. Phantoms , Rem Pitlick 3 (Nick Sorensen 2) at 0:32
10. Rockets , Matias Maccelli 4 (Jacob Bryson 4, Grant Besse 2) at 13:44

Penalties :
Mikko Lehtonen (Leh) for Slashing (Minor) at 6:53, Matt Kiersted (Leh) for High sticking (Double Minor) at 13:47, Nick Suzuki (Lav) for Interference (Minor) at 19:10

Overtime #1

No Goal

Penalties :
No Penalty

Shootout

Rockets, Nick Suzuki - Stopped by Zachary Fucale
Phantoms, Joe Snively - Stopped by Pyotr Kochetkov
Rockets, Cole Caufield - Stopped by Zachary Fucale
Phantoms, Sven Andrighetto - Shot Misses the Net
Rockets, Josh Anderson - Stopped by Zachary Fucale
Phantoms, Nick Sorensen - Stopped by Pyotr Kochetkov
Rockets, Zach Stepan - Goal!
Phantoms, Lucas Wallmarkk - Stopped by Pyotr Kochetkov

Penalties :
No Penalty

Goalie Stats

Pyotr Kochetkov (Lav), 39 saves from 44 shots - (0.886), W, 1-2-0, 65:00 minutes
Zachary Fucale (Leh), 10 saves from 11 shots - (0.909), OTL, 1-5-2, 31:01 minutes
Kevin Lankinen (Leh), 15 saves from 19 shots - (0.789), 33:59 minutes

Players Stats for Rockets

Player Name              G  A  P  +/- PIM S  H  SB GA TA FO     MP     PP MP  PK MP  
------------------------------------------------------------------------------------
Alex Newhook             1  0  1   0  0   2  0  1  0  0  0/0    12:53   4:50   0:00 
Aliaksei Protas          0  0  0   0  0   0  1  0  0  1  0/0     7:40   0:00   0:00 
Arber Xhekaj             0  0  0   0  0   0  0  0  0  0  0/0     8:17   0:00   0:00 
Bowen Byram              0  0  0  -1  0   0  1  2  1  0  0/0    16:43   0:26   0:00 
Brady Tkachuk            1  0  1  -1  0   5  1  0  1  0  1/2    23:53   5:56   0:00 
Cole Caufield            0  0  0   0  0   1  1  0  0  0  0/0    13:55   6:01   0:00 
Eric Karlsson            0  0  0   0  0   1  0  1  1  1  0/1    11:17   0:30   0:22 
Grant Besse              0  2  2   1  0   0  0  2  0  1  6/14   15:51   0:37   1:35 
Jacob Bryson             0  1  1   0  0   1  0  3  1  1  0/0    15:24   0:31   0:10 
Jacob Larsson            0  0  0   2  0   1  2  1  0  1  0/0    22:01   5:09   1:29 
Jayden Struble           0  0  0  -1  0   0  3  0  0  0  0/0     8:15   0:00   0:00 
Jeff Corbett             1  1  2  -1  0   2  2  2  1  1  0/0    23:44   6:32   0:39 
Josh Anderson            1  1  2   1  0   4  2  0  1  2  1/1    17:21   0:00   1:51 
Kirby Dach               0  1  1   0  0   0  2  0  0  0  1/4    14:03   4:43   0:00 
Matias Maccelli          1  2  3   1  0   3  1  1  0  0  1/1    17:08   4:50   0:00 
Nick Blankenburg         0  0  0   0  0   0  1  0  0  0  0/0     7:11   5:09   1:47 
Nick Suzuki              0  1  1  -1  4   6  2  1  1  1  21/44  23:57   6:18   0:00 
Nicolas Hague            0  0  0   1  0   2  1  0  0  0  0/0    24:52   5:49   2:47 
Tage Thompson            0  0  0  -1  2   1  2  0  1  0  1/1    17:53   0:55   1:10 
Zach Stepan              0  0  0   0  0   1  0  1  0  0  1/4     9:56   0:44   0:44 

Players Stats for Phantoms

Player Name              G  A  P  +/- PIM S  H  SB GA TA FO     MP     PP MP  PK MP  
------------------------------------------------------------------------------------
A.J. Greer               0  0  0  -1  0   3  2  0  1  1  0/0    13:18   0:00   3:13 
Andrey Pedan             0  2  2   1  0   3  0  1  0  2  0/0    27:48   0:00   6:23 
Brett Murray             0  0  0  -1  0   1  0  1  0  0  0/0    11:13   0:00   0:47 
Cristoval Nieves         1  0  1   1  2   5  1  0  1  0  10/17  19:08   0:51   3:58 
David Kampf              0  0  0  -1  0   1  1  0  1  0  1/3    14:27   0:00   3:16 
Joe Snively              1  1  2   0  0   7  1  0  3  1  1/2    25:59   1:25   5:32 
Josiah Slavin            0  0  0   0  0   1  0  0  0  0  0/0     5:57   0:00   0:00 
Laurent Dauphin          1  0  1   0  0   3  0  0  0  1  1/1     6:23   0:00   0:17 
Lucas Wallmarkk          0  2  2   0  2   4  6  0  0  0  22/45  24:48   1:25   4:27 
Matt Kiersted            0  0  0   0  4   0  0  2  0  0  0/0    17:11   0:00   3:02 
Mikko Lehtonen           1  0  1   0  4   1  1  1  1  1  0/0    24:45   1:37   1:07 
Nick Sorensen            0  1  1   1  0   2  2  0  0  0  1/1    13:13   0:51   0:00 
Oliver Wahlstrom         0  0  0   0  0   0  2  0  0  0  0/0     5:57   0:00   0:00 
Rem Pitlick              1  1  2   1  0   8  3  0  1  1  1/1    14:44   0:51   0:00 
Riley Stillman           0  0  0  -1  0   1  0  0  0  0  0/0    16:34   0:39   4:44 
Rinat Valiev             0  0  0   1  0   0  0  1  0  0  0/0    26:04   1:37   6:40 
Sven Andrighetto         0  0  0   0  2   2  1  1  1  1  2/2    21:32   1:24   2:16 
Ty Smith                 0  0  0  -1  0   2  0  4  0  0  0/0    14:37   0:39   1:30 

3 Stars

1 - Matias Maccelli (Lav)
2 - Josh Anderson (Lav)
3 - Rem Pitlick (Leh)

Power Play

Rockets - 1 on 7 Attempt(s) - 14.29%
Phantoms - 1 on 3 Attempt(s) - 33.33%

Penalty Kill

Rockets - 2 on 3 Attempt(s) - 66.67% - Score 0 goal in Penalty Kill
Phantoms - 6 on 7 Attempt(s) - 85.71% - Score 0 goal in Penalty Kill

Team Stat

Rockets - Hits : 22 - Faceoff Wins : 33 - Blocked Shots : 15 - Penalty Minutes : 6
Phantoms - Hits : 20 - Faceoff Wins : 39 - Blocked Shots : 11 - Penalty Minutes : 14

Official

Referees : Brandon Blandina and Francis Charron
Linesman : Pierre Racicot and Tyson Baker

Game Notes

Zachary Fucale enters game at 13:59 of 2nd period

Finance

Level 1 -- Attendance: 2000 (100.00%) -- Ticket Income $140,000
Level 2 -- Attendance: 968 (96.80%) -- Ticket Income $38,720
Total Attendance: 2968 (98.93%)
Total Ticket Income: $178,720
Other Income: $8,936
Total Income: $187,656

Rockets

5 vs 5 Forward 
   Center                   Left Wing                Right Wing               Time % Phy DF OF 
 1 Nick Suzuki              Brady Tkachuk            Tage Thompson            40     1   2  2  
 2 Grant Besse              Matias Maccelli          Josh Anderson            30     1   2  2  
 3 Zach Stepan              Alex Newhook             Aliaksei Protas          15     1   2  2  
 4 Kirby Dach               Eric Karlsson            Cole Caufield            15     1   2  2  

5 vs 5 Defense 
   Defense                  Defense                                           Time % Phy DF OF 
 1 Nicolas Hague            Jacob Larsson                                     30     1   3  1  
 2 Jeff Corbett             Jacob Bryson                                      30     1   3  1  
 3 Bowen Byram              Arber Xhekaj                                      20     2   3  0  
 4 Jayden Struble           Bowen Byram                                       20     2   3  0  

PowerPlay Forward 
   Center                   Left Wing                Right Wing               Time % Phy DF OF 
 1 Nick Suzuki              Brady Tkachuk            Cole Caufield            60     1   2  2  
 2 Kirby Dach               Matias Maccelli          Alex Newhook             40     1   2  2  

PowerPlay Defense
   Defense                  Defense                                           Time % Phy DF OF 
 1 Nicolas Hague            Jeff Corbett                                      60     1   2  2  
 2 Nick Blankenburg         Jacob Larsson                                     40     1   2  2  

Penalty Kill 4 Players Forward 
   Center                   Wing                     Time % Phy DF OF 
 1 Grant Besse              Josh Anderson            60     1   3  1  
 2 Zach Stepan              Tage Thompson            40     1   3  1  

Penalty Kill 4 Players Defense
   Defense                  Defense                  Time % Phy DF OF 
 1 Nicolas Hague            Nick Blankenburg         60     1   4  0  
 2 Jacob Larsson            Jeff Corbett             40     1   4  0  

Penalty Kill - 3 Players Forward 
   Forward                                           Time % Phy DF OF 
 1 Tage Thompson                                     60     1   3  1  
 2 Josh Anderson                                     40     1   3  1  

Penalty Kill - 3 Players Defense
   Defense                  Defense                  Time % Phy DF OF 
 1 Nicolas Hague            Jacob Larsson            60     1   4  0  
 2 Jeff Corbett             Jacob Bryson             40     1   4  0  

4 vs 4 Forward 
   Center                   Wing                     Time % Phy DF OF 
 1 Nick Suzuki              Josh Anderson            60     1   2  2  
 2 Zach Stepan              Brady Tkachuk            40     1   2  2  

4 vs 4 Defense
   Defense                  Defense                  Time % Phy DF OF 
 1 Nicolas Hague            Jacob Larsson            60     1   2  2  
 2 Jeff Corbett             Jacob Bryson             40     1   2  2  

Last Minutes Offensive
   Center                   Left Wing                Right Wing               Defense                  Defense                  
   Nick Suzuki              Brady Tkachuk            Cole Caufield            Jeff Corbett             Jacob Larsson            

Last Minutes Defensive
   Center                   Left Wing                Right Wing               Defense                  Defense                  
   Zach Stepan              Brady Tkachuk            Josh Anderson            Nicolas Hague            Nick Blankenburg         

Goaltenders
Starting : Pyotr Kochetkov          
Backup : Justus Annunen           

Extra Forwards
Normal : Brady Tkachuk, Matias Maccelli, Alex Newhook - PP : Tage Thompson, Zach Stepan - PK : Nick Suzuki
Extra Defensemen
Normal : Arber Xhekaj, Jayden Struble, Bowen Byram - PP : Bowen Byram - PK : Arber Xhekaj, Jayden Struble
Penalty Shots
Nick Suzuki, Cole Caufield, Josh Anderson, Zach Stepan, Grant Besse
Custom OT Lines Forwards
Brady Tkachuk, Nick Suzuki, Kirby Dach, Josh Anderson, Zach Stepan, Eric Karlsson, Matias Maccelli, Tage Thompson, Cole Caufield, Alex Newhook
Custom OT Lines Defensemen
Nicolas Hague, Jacob Larsson, Jeff Corbett, Jacob Bryson, Nick Blankenburg

Scratches
Hunter Drew (Healthy), Michael Pezzetta (Healthy), Zachary Gallant (Healthy), Moritz Seider (Healthy), Nikita Okhotyuk (Healthy)
Ville Heinola (Healthy), Olle Eriksson Ek (Healthy)

Phantoms

5 vs 5 Forward 
   Center                   Left Wing                Right Wing               Time % Phy DF OF 
 1 Lucas Wallmarkk          Joe Snively              Sven Andrighetto         42     1   2  2  
 2 Cristoval Nieves         Nick Sorensen            Rem Pitlick              33     1   2  2  
 3 David Kampf              Brett Murray             A.J. Greer               20     1   2  2  
 4 Laurent Dauphin          Josiah Slavin            Oliver Wahlstrom         5      2   2  1  

5 vs 5 Defense 
   Defense                  Defense                                           Time % Phy DF OF 
 1 Andrey Pedan             Mikko Lehtonen                                    40     1   2  2  
 2 Rinat Valiev             Matt Kiersted                                     30     1   2  2  
 3 Riley Stillman           Ty Smith                                          20     1   2  2  
 4 Rinat Valiev             Mikko Lehtonen                                    10     1   2  2  

PowerPlay Forward 
   Center                   Left Wing                Right Wing               Time % Phy DF OF 
 1 Lucas Wallmarkk          Joe Snively              Sven Andrighetto         60     1   1  3  
 2 Cristoval Nieves         Nick Sorensen            Rem Pitlick              40     1   1  3  

PowerPlay Defense
   Defense                  Defense                                           Time % Phy DF OF 
 1 Mikko Lehtonen           Rinat Valiev                                      60     1   1  3  
 2 Riley Stillman           Ty Smith                                          40     1   1  3  

Penalty Kill 4 Players Forward 
   Center                   Wing                     Time % Phy DF OF 
 1 Lucas Wallmarkk          Joe Snively              60     1   4  0  
 2 Cristoval Nieves         Sven Andrighetto         40     1   4  0  

Penalty Kill 4 Players Defense
   Defense                  Defense                  Time % Phy DF OF 
 1 Andrey Pedan             Rinat Valiev             60     1   4  0  
 2 Riley Stillman           Matt Kiersted            40     1   4  0  

Penalty Kill - 3 Players Forward 
   Forward                                           Time % Phy DF OF 
 1 Lucas Wallmarkk                                   60     1   2  2  
 2 Cristoval Nieves                                  40     1   2  2  

Penalty Kill - 3 Players Defense
   Defense                  Defense                  Time % Phy DF OF 
 1 Andrey Pedan             Rinat Valiev             60     1   2  2  
 2 Riley Stillman           Matt Kiersted            40     1   2  2  

4 vs 4 Forward 
   Center                   Wing                     Time % Phy DF OF 
 1 Lucas Wallmarkk          Joe Snively              60     1   2  2  
 2 Cristoval Nieves         Sven Andrighetto         40     1   2  2  

4 vs 4 Defense
   Defense                  Defense                  Time % Phy DF OF 
 1 Andrey Pedan             Rinat Valiev             60     1   2  2  
 2 Riley Stillman           Matt Kiersted            40     1   2  2  

Last Minutes Offensive
   Center                   Left Wing                Right Wing               Defense                  Defense                  
   Lucas Wallmarkk          Joe Snively              Sven Andrighetto         Andrey Pedan             Rinat Valiev             

Last Minutes Defensive
   Center                   Left Wing                Right Wing               Defense                  Defense                  
   Lucas Wallmarkk          Joe Snively              Sven Andrighetto         Andrey Pedan             Rinat Valiev             

Goaltenders
Starting : Kevin Lankinen           
Backup : Zachary Fucale           

Extra Forwards
Normal : Joe Snively, Sven Andrighetto, Lucas Wallmarkk - PP : Joe Snively, Lucas Wallmarkk - PK : Lucas Wallmarkk
Extra Defensemen
Normal : Andrey Pedan, Rinat Valiev, Mikko Lehtonen - PP : Mikko Lehtonen - PK : Andrey Pedan, Rinat Valiev
Penalty Shots
Joe Snively, Sven Andrighetto, Nick Sorensen, Lucas Wallmarkk, Rem Pitlick
Custom OT Lines Forwards
Sven Andrighetto, Joe Snively, Lucas Wallmarkk, Rem Pitlick, Cristoval Nieves, David Kampf, Nick Sorensen, Laurent Dauphin, A.J. Greer, Oliver Wahlstrom
Custom OT Lines Defensemen
Andrey Pedan, Mikko Lehtonen, Rinat Valiev, Matt Kiersted, Riley Stillman

Scratches
Anthony Angello (Healthy), Blake Heinrich (Bruised Right Arm Injury), Benoit-Olivier Groulx (Healthy), Cooper Marody (Healthy), Morgan Klimchuk (Bruised Left Arm Injury)
Victor Berglund (Healthy), Fabian Zetterlund (Healthy), David Gustafsson (Healthy), Cam York (Healthy), Kaedan Korczak (Healthy)
Danil Zhuravlyov (Healthy), Alex Beaucage (Healthy), Arsen Khisamutdinov (Healthy), Jacob Ingham (Healthy), Zachary Sawchenko (Healthy)

% Time on Ice - Rockets

Lines # - Real PCT - Wanted PCT - Time Play
Normal Forward
1 - 35% - 40% - 15:49
2 - 31% - 30% - 13:50
3 - 17% - 15% - 7:40
4 - 17% - 15% - 7:53
Normal Defense
1 - 33% - 30% - 14:56
2 - 30% - 30% - 13:44
3 - 18% - 20% - 8:17
4 - 18% - 20% - 8:15
PP Forward
1 - 60% - 60% - 7:05
2 - 40% - 40% - 4:43
PP Defense
1 - 53% - 60% - 6:15
2 - 47% - 40% - 5:33
PK Forward
1 - 84% - 60% - 1:54
2 - 16% - 40% - 0:22
PK Defense
1 - 79% - 60% - 1:47
2 - 21% - 40% - 0:29
PK3 Forward
1 - 73% - 60% - 0:51
2 - 27% - 40% - 0:19
PK3 Defense
1 - 86% - 60% - 1:00
2 - 14% - 40% - 0:10
44 Forward
1 - 100% - 60% - 0:44
2 - 0% - 40% - 0:00
44 Defense
1 - 59% - 60% - 0:26
2 - 41% - 40% - 0:18
Last Minute Offensive  - 0:00
Last Minute Defensive  - 0:00
Total
Forward - 61:10
Defense - 61:10

% Time on Ice - Phantoms

Lines # - Real PCT - Wanted PCT - Time Play
Normal Forward
1 - 38% - 42% - 17:06
2 - 27% - 33% - 12:22
3 - 22% - 20% - 9:47
4 - 13% - 5% - 5:57
Normal Defense
1 - 43% - 40% - 19:28
2 - 30% - 30% - 13:21
3 - 23% - 20% - 10:22
4 - 4% - 10% - 2:01
PP Forward
1 - 63% - 60% - 1:25
2 - 38% - 40% - 0:51
PP Defense
1 - 71% - 60% - 1:37
2 - 29% - 40% - 0:39
PK Forward
1 - 76% - 60% - 8:57
2 - 24% - 40% - 2:51
PK Defense
1 - 47% - 60% - 5:31
2 - 53% - 40% - 6:17
PK3 Forward
1 - 0% - 60%
2 - 0% - 40%
PK3 Defense
1 - 0% - 60%
2 - 0% - 40%
44 Forward
1 - 72% - 60% - 1:22
2 - 28% - 40% - 0:32
44 Defense
1 - 62% - 60% - 1:11
2 - 38% - 40% - 0:43
Last Minute Offensive  - 0:00
Last Minute Defensive  - 0:00
Total
Forward - 61:10
Defense - 61:10

Play-by-Play

1st period


0:01 of 1st period - Nick Suzuki wins face-off versus Lucas Wallmarkk in neutral zone.
0:32 of 1st period - Snap shot by Cristoval Nieves.
0:32 of 1st period - Stopped by Pyotr Kochetkov with a rebound.
1:15 of 1st period - Icing by Mikko Lehtonen.
1:16 of 1st period - Laurent Dauphin wins face-off versus Nick Suzuki in Phantoms zone.
1:33 of 1st period - Snap shot by Oliver Wahlstrom.
1:33 of 1st period - Shot Misses the Net.
1:59 of 1st period - Snap shot by Mikko Lehtonen.
1:59 of 1st period - Deflect By Laurent Dauphin.
1:59 of 1st period - Shot Misses the Net.
1:59 of 1st period - Puck is out of play.
2:00 of 1st period - Grant Besse wins face-off versus Lucas Wallmarkk in Rockets zone.
2:48 of 1st period - Snap shot by A.J. Greer.
2:48 of 1st period - Shot Blocked by Zach Stepan.
2:56 of 1st period - David Kampf is hit by Aliaksei Protas and loses puck.
3:08 of 1st period - Off-side.
3:09 of 1st period - Nick Suzuki wins face-off versus Lucas Wallmarkk in neutral zone.
3:36 of 1st period - Jayden Struble is hit by Rem Pitlick and loses puck.
4:03 of 1st period - Snap shot by Nick Suzuki.
4:03 of 1st period - Stopped by Kevin Lankinen without a rebound.
4:04 of 1st period - Joe Snively wins face-off versus Grant Besse in Phantoms zone.
4:04 of 1st period - Joe Snively is hit by Jacob Larsson.
4:18 of 1st period - Sven Andrighetto is hit by Jacob Larsson and loses puck.
4:31 of 1st period - Nicolas Hague is hit by Oliver Wahlstrom and loses puck.
4:38 of 1st period - Snap shot by Cole Caufield.
4:38 of 1st period - Stopped by Kevin Lankinen with a rebound.
4:40 of 1st period - Slapshot by Jeff Corbett.
4:40 of 1st period - Stopped by Kevin Lankinen without a rebound.
4:41 of 1st period - Lucas Wallmarkk wins face-off versus Zach Stepan in Phantoms zone.
4:48 of 1st period - Snap shot by Sven Andrighetto.
4:48 of 1st period - Shot Misses the Net.
4:50 of 1st period - Backhand shot by Riley Stillman.
4:50 of 1st period - Shot Blocked by Jacob Bryson.
5:38 of 1st period - Snap shot by Brett Murray.
5:38 of 1st period - Stopped by Pyotr Kochetkov without a rebound.
5:39 of 1st period - Grant Besse wins face-off versus Lucas Wallmarkk in Rockets zone.
5:44 of 1st period - Grant Besse is hit by Lucas Wallmarkk and loses puck.
7:09 of 1st period - Riley Stillman is hit by Josh Anderson and loses puck.
8:05 of 1st period - Snap shot by Josh Anderson.
8:05 of 1st period - Shot Blocked by Ty Smith.
8:21 of 1st period - Wrist shot by Joe Snively.
8:21 of 1st period - Shot Misses the Net.
8:53 of 1st period - Matt Kiersted is hit by Jeff Corbett and loses puck.
9:00 of 1st period - Wrist shot by Nick Suzuki.
9:00 of 1st period - Deflect By Brady Tkachuk.
9:00 of 1st period - Stopped by Kevin Lankinen with a rebound.
9:10 of 1st period - Rinat Valiev is hit by Jayden Struble and loses puck.
9:36 of 1st period - Snap shot by Joe Snively.
9:36 of 1st period - Stopped by Pyotr Kochetkov with a rebound.
9:38 of 1st period - Snap shot by Lucas Wallmarkk.
9:38 of 1st period - Shot Misses the Net.
9:54 of 1st period - Slapshot by Rem Pitlick.
9:54 of 1st period - Deflect By Cristoval Nieves.
9:54 of 1st period - Shot Blocked by Jacob Larsson.
9:54 of 1st period - Puck is out of play.
9:55 of 1st period - Cristoval Nieves wins face-off versus Nick Suzuki in Rockets zone.
10:08 of 1st period - Wrist shot by Brady Tkachuk.
10:08 of 1st period - Goal by Brady Tkachuk - Rockets : 1 - Phantoms : 0.
10:09 of 1st period - Nick Suzuki wins face-off versus Lucas Wallmarkk in neutral zone.
10:16 of 1st period - Snap shot by Brady Tkachuk.
10:16 of 1st period - Stopped by Kevin Lankinen without a rebound.
10:17 of 1st period - Nick Suzuki wins face-off versus Lucas Wallmarkk in Phantoms zone.
10:34 of 1st period - Snap shot by Joe Snively.
10:34 of 1st period - Goal by Joe Snively - Rockets : 1 - Phantoms : 1.
10:35 of 1st period - Lucas Wallmarkk wins face-off versus Grant Besse in neutral zone.
10:38 of 1st period - Backhand shot by Lucas Wallmarkk.
10:38 of 1st period - Deflect By Joe Snively.
10:38 of 1st period - Stopped by Pyotr Kochetkov with a rebound.
10:46 of 1st period - Snap shot by Josh Anderson.
10:46 of 1st period - Stopped by Kevin Lankinen without a rebound.
10:47 of 1st period - Grant Besse wins face-off versus Lucas Wallmarkk in Phantoms zone.
10:52 of 1st period - Wrist shot by Matias Maccelli.
10:52 of 1st period - Shot Misses the Net.
10:54 of 1st period - Backhand shot by Josh Anderson.
10:54 of 1st period - Stopped by Kevin Lankinen with a rebound.
10:56 of 1st period - Snap shot by Grant Besse.
10:56 of 1st period - Shot Misses the Net.
10:58 of 1st period - Snap shot by Grant Besse.
10:58 of 1st period - Shot Blocked by Mikko Lehtonen.
11:00 of 1st period - Snap shot by Josh Anderson.
11:00 of 1st period - Stopped by Kevin Lankinen with a rebound.
11:02 of 1st period - Wrist shot by Josh Anderson.
11:02 of 1st period - Goal by Josh Anderson - Rockets : 2 - Phantoms : 1.
11:03 of 1st period - Cristoval Nieves wins face-off versus Nick Suzuki in neutral zone.
12:11 of 1st period - Eric Karlsson is hit by Rem Pitlick and loses puck.
12:40 of 1st period - Snap shot by Nick Suzuki.
12:40 of 1st period - Shot Blocked by Ty Smith.
12:42 of 1st period - Snap shot by Nick Suzuki.
12:42 of 1st period - Stopped by Kevin Lankinen without a rebound.
12:43 of 1st period - Lucas Wallmarkk wins face-off versus Grant Besse in Phantoms zone.
12:46 of 1st period - Wrist shot by Matias Maccelli.
12:46 of 1st period - Stopped by Kevin Lankinen with a rebound.
12:48 of 1st period - Minor Penalty to Lucas Wallmarkk for Roughing.
12:49 of 1st period - Cristoval Nieves wins face-off versus Nick Suzuki in Phantoms zone.
14:48 of 1st period - Penalty to Lucas Wallmarkk is over, Lucas Wallmarkk is back on ice.
15:10 of 1st period - Snap shot by Josh Anderson.
15:10 of 1st period - Shot Misses the Net.
15:12 of 1st period - Snap shot by Eric Karlsson.
15:12 of 1st period - Deflect By Josh Anderson.
15:12 of 1st period - Shot Misses the Net.
15:12 of 1st period - Puck is out of play.
15:13 of 1st period - Cristoval Nieves wins face-off versus Zach Stepan in Phantoms zone.
15:18 of 1st period - Snap shot by Rem Pitlick.
15:18 of 1st period - Deflect By Cristoval Nieves.
15:18 of 1st period - Shot Blocked by Alex Newhook.
15:18 of 1st period - Puck is out of play.
15:19 of 1st period - Zach Stepan wins face-off versus Cristoval Nieves in Rockets zone.
15:26 of 1st period - Wrist shot by Alex Newhook.
15:26 of 1st period - Stopped by Kevin Lankinen with a rebound.
15:28 of 1st period - Wrist shot by Zach Stepan.
15:28 of 1st period - Shot Misses the Net.
15:48 of 1st period - Wrist shot by Nick Suzuki.
15:48 of 1st period - Shot Misses the Net.
17:34 of 1st period - Josh Anderson is hit by A.J. Greer and loses puck.
17:43 of 1st period - Snap shot by Brett Murray.
17:43 of 1st period - Shot Blocked by Jacob Bryson.
17:45 of 1st period - Slapshot by Riley Stillman.
17:45 of 1st period - Stopped by Pyotr Kochetkov with a rebound.
17:47 of 1st period - Wrist shot by David Kampf.
17:47 of 1st period - Shot Misses the Net.
17:49 of 1st period - Slapshot by A.J. Greer.
17:49 of 1st period - Stopped by Pyotr Kochetkov without a rebound.
17:50 of 1st period - Lucas Wallmarkk wins face-off versus Kirby Dach in Rockets zone.
18:12 of 1st period - Rinat Valiev is hit by Jayden Struble and loses puck.
18:17 of 1st period - Wrist shot by Eric Karlsson.
18:17 of 1st period - Shot Blocked by Rinat Valiev.
18:29 of 1st period - Snap shot by Lucas Wallmarkk.
18:29 of 1st period - Shot Blocked by Eric Karlsson.
18:31 of 1st period - Slapshot by Rinat Valiev.
18:31 of 1st period - Shot Blocked by Jacob Bryson.
18:33 of 1st period - Slapshot by Matt Kiersted.
18:33 of 1st period - Shot Blocked by Jeff Corbett.
18:35 of 1st period - Snap shot by Lucas Wallmarkk.
18:35 of 1st period - Stopped by Pyotr Kochetkov without a rebound.
18:36 of 1st period - Cristoval Nieves wins face-off versus Nick Suzuki in Rockets zone.
19:26 of 1st period - Snap shot by Laurent Dauphin.
19:26 of 1st period - Stopped by Pyotr Kochetkov with a rebound.
19:28 of 1st period - Slapshot by Andrey Pedan.
19:28 of 1st period - Stopped by Pyotr Kochetkov with a rebound.
19:30 of 1st period - Snap shot by Andrey Pedan.
19:30 of 1st period - Stopped by Pyotr Kochetkov without a rebound.
19:31 of 1st period - Lucas Wallmarkk wins face-off versus Nick Suzuki in Rockets zone.
19:35 of 1st period - Icing by Jeff Corbett.
19:36 of 1st period - Nick Suzuki wins face-off versus Lucas Wallmarkk in Rockets zone.
19:36 of 1st period - Nick Suzuki is hit by Sven Andrighetto.
Goals for this period are 2 for Rockets vs 1 for Phantoms.
Shots for this period are 13 for Rockets vs 11 for Phantoms.

2nd period


0:01 of 2nd period - Nick Suzuki wins face-off versus Cristoval Nieves in neutral zone.
0:13 of 2nd period - Minor Penalty to Nick Suzuki for Interference.
0:14 of 2nd period - Grant Besse wins face-off versus Lucas Wallmarkk in Rockets zone.
0:22 of 2nd period - Joe Snively is hit by Josh Anderson and loses puck.
0:41 of 2nd period - Grant Besse is hit by Nick Sorensen and loses puck.
1:28 of 2nd period - Minor Penalty to Sven Andrighetto for High sticking.
1:29 of 2nd period - Lucas Wallmarkk wins face-off versus Brady Tkachuk in Phantoms zone.
1:42 of 2nd period - Slapshot by Joe Snively.
1:42 of 2nd period - Shot Misses the Net.
2:13 of 2nd period - Penalty to Nick Suzuki is over, Nick Suzuki is back on ice.
2:14 of 2nd period - Matias Maccelli is hit by Lucas Wallmarkk and loses puck.
3:28 of 2nd period - Penalty to Sven Andrighetto is over, Sven Andrighetto is back on ice.
3:34 of 2nd period - Snap shot by Laurent Dauphin.
3:34 of 2nd period - Goal by Laurent Dauphin - Rockets : 2 - Phantoms : 2.
3:35 of 2nd period - Cristoval Nieves wins face-off versus Nick Suzuki in neutral zone.
3:57 of 2nd period - Icing by Riley Stillman.
3:58 of 2nd period - Grant Besse wins face-off versus Cristoval Nieves in Phantoms zone.
4:01 of 2nd period - Slapshot by Matias Maccelli.
4:01 of 2nd period - Stopped by Kevin Lankinen without a rebound.
4:02 of 2nd period - Lucas Wallmarkk wins face-off versus Nick Suzuki in Phantoms zone.
4:02 of 2nd period - Lucas Wallmarkk is hit by Brady Tkachuk.
4:05 of 2nd period - Minor Penalty to Mikko Lehtonen for Delaying the game.
4:06 of 2nd period - Nick Suzuki wins face-off versus Lucas Wallmarkk in Phantoms zone.
4:42 of 2nd period - Snap shot by Jeff Corbett.
4:42 of 2nd period - Goal by Jeff Corbett - Rockets : 3 - Phantoms : 2.
4:43 of 2nd period - Nick Suzuki wins face-off versus Lucas Wallmarkk in neutral zone.
5:19 of 2nd period - Snap shot by Cristoval Nieves.
5:19 of 2nd period - Shot Blocked by Matias Maccelli.
5:21 of 2nd period - Snap shot by Rem Pitlick.
5:21 of 2nd period - Shot Blocked by Grant Besse.
5:35 of 2nd period - Snap shot by A.J. Greer.
5:35 of 2nd period - Stopped by Pyotr Kochetkov with a rebound.
5:37 of 2nd period - Wrist shot by David Kampf.
5:37 of 2nd period - Deflect By A.J. Greer.
5:37 of 2nd period - Stopped by Pyotr Kochetkov without a rebound.
5:38 of 2nd period - Nick Suzuki wins face-off versus Joe Snively in Rockets zone.
5:46 of 2nd period - Snap shot by Tage Thompson.
5:46 of 2nd period - Stopped by Kevin Lankinen without a rebound.
5:47 of 2nd period - Nick Suzuki wins face-off versus Lucas Wallmarkk in Phantoms zone.
5:50 of 2nd period - Snap shot by Nick Suzuki.
5:50 of 2nd period - Shot Misses the Net.
5:52 of 2nd period - Snap shot by Nick Suzuki.
5:52 of 2nd period - Stopped by Kevin Lankinen without a rebound.
5:53 of 2nd period - Nick Suzuki wins face-off versus Lucas Wallmarkk in Phantoms zone.
6:25 of 2nd period - Nicolas Hague is hit by Nick Sorensen and loses puck.
6:29 of 2nd period - Icing by Zach Stepan.
6:30 of 2nd period - Lucas Wallmarkk wins face-off versus Zach Stepan in Rockets zone.
6:56 of 2nd period - Wrist shot by Zach Stepan.
6:56 of 2nd period - Shot Blocked by Matt Kiersted.
7:44 of 2nd period - Wrist shot by Laurent Dauphin.
7:44 of 2nd period - Stopped by Pyotr Kochetkov without a rebound.
7:45 of 2nd period - Lucas Wallmarkk wins face-off versus Nick Suzuki in Rockets zone.
8:17 of 2nd period - Rem Pitlick is hit by Matias Maccelli and loses puck.
8:50 of 2nd period - Laurent Dauphin is hit by Bowen Byram and loses puck.
9:09 of 2nd period - Sven Andrighetto is hit by Tage Thompson and loses puck.
9:20 of 2nd period - Snap shot by Nick Suzuki.
9:20 of 2nd period - Stopped by Kevin Lankinen without a rebound.
9:21 of 2nd period - Cristoval Nieves wins face-off versus Grant Besse in Phantoms zone.
10:05 of 2nd period - Jacob Bryson is hit by Lucas Wallmarkk and loses puck.
10:50 of 2nd period - Slapshot by Joe Snively.
10:50 of 2nd period - Stopped by Pyotr Kochetkov with a rebound.
11:26 of 2nd period - Icing by Andrey Pedan.
11:27 of 2nd period - David Kampf wins face-off versus Kirby Dach in Phantoms zone.
12:16 of 2nd period - Josh Anderson is hit by Oliver Wahlstrom and loses puck.
12:56 of 2nd period - Slapshot by Eric Karlsson.
12:56 of 2nd period - Shot Misses the Net.
13:06 of 2nd period - Slapshot by Cole Caufield.
13:06 of 2nd period - Shot Misses the Net.
13:40 of 2nd period - Nicolas Hague is hit by Lucas Wallmarkk.
13:44 of 2nd period - Nicolas Hague is hit by Joe Snively and loses puck.
13:57 of 2nd period - Wrist shot by Matias Maccelli.
13:57 of 2nd period - Shot Misses the Net.
13:59 of 2nd period - Wrist shot by Alex Newhook.
13:59 of 2nd period - Goal by Alex Newhook - Rockets : 4 - Phantoms : 2.
13:59 of 2nd period - Zachary Fucale enters game.
14:00 of 2nd period - Nick Suzuki wins face-off versus Lucas Wallmarkk in neutral zone.
14:27 of 2nd period - Nick Sorensen is hit by Jayden Struble and loses puck.
14:50 of 2nd period - Icing by Eric Karlsson.
14:51 of 2nd period - Kirby Dach wins face-off versus David Kampf in Rockets zone.
15:00 of 2nd period - Wrist shot by Brett Murray.
15:00 of 2nd period - Shot Misses the Net.
15:12 of 2nd period - Snap shot by Eric Karlsson.
15:12 of 2nd period - Stopped by Zachary Fucale without a rebound.
15:13 of 2nd period - Nick Suzuki wins face-off versus Lucas Wallmarkk in Phantoms zone.
15:20 of 2nd period - Wrist shot by Brady Tkachuk.
15:20 of 2nd period - Stopped by Zachary Fucale without a rebound.
15:21 of 2nd period - Nick Suzuki wins face-off versus Lucas Wallmarkk in Phantoms zone.
15:26 of 2nd period - Wrist shot by Nick Suzuki.
15:26 of 2nd period - Shot Misses the Net.
15:32 of 2nd period - Snap shot by Lucas Wallmarkk.
15:32 of 2nd period - Shot Misses the Net.
15:34 of 2nd period - Slapshot by Matt Kiersted.
15:34 of 2nd period - Deflect By Sven Andrighetto.
15:34 of 2nd period - Shot Blocked by Nick Suzuki.
15:34 of 2nd period - Puck is out of play.
15:35 of 2nd period - Lucas Wallmarkk wins face-off versus Grant Besse in Rockets zone.
15:50 of 2nd period - Snap shot by Lucas Wallmarkk.
15:50 of 2nd period - Deflect By Grant Besse.
15:50 of 2nd period - Shot Blocked by Bowen Byram.
15:50 of 2nd period - Puck is out of play.
15:51 of 2nd period - Rem Pitlick wins face-off versus Nick Suzuki in Rockets zone.
16:00 of 2nd period - Snap shot by Rem Pitlick.
16:00 of 2nd period - Stopped by Pyotr Kochetkov with a rebound.
16:02 of 2nd period - Snap shot by Cristoval Nieves.
16:02 of 2nd period - Goal by Cristoval Nieves - Rockets : 4 - Phantoms : 3.
16:03 of 2nd period - Lucas Wallmarkk wins face-off versus Nick Suzuki in neutral zone.
16:07 of 2nd period - Minor Penalty to Tage Thompson for Cross-checking.
16:08 of 2nd period - Lucas Wallmarkk wins face-off versus Grant Besse in Rockets zone.
16:17 of 2nd period - Wrist shot by Joe Snively.
16:17 of 2nd period - Stopped by Pyotr Kochetkov with a rebound.
16:19 of 2nd period - Slapshot by Mikko Lehtonen.
16:19 of 2nd period - Goal by Mikko Lehtonen - Rockets : 4 - Phantoms : 4.
16:20 of 2nd period - Nick Suzuki wins face-off versus Lucas Wallmarkk in neutral zone.
16:23 of 2nd period - Lucas Wallmarkk is hit by Nick Suzuki and loses puck.
16:46 of 2nd period - Matias Maccelli is hit by Rem Pitlick and loses puck.
16:52 of 2nd period - Minor Penalty to Cristoval Nieves for Holding.
16:53 of 2nd period - Lucas Wallmarkk wins face-off versus Nick Suzuki in Phantoms zone.
16:53 of 2nd period - Lucas Wallmarkk is hit by Cole Caufield.
17:06 of 2nd period - Snap shot by Brady Tkachuk.
17:06 of 2nd period - Stopped by Zachary Fucale without a rebound.
17:07 of 2nd period - Nick Suzuki wins face-off versus Lucas Wallmarkk in Phantoms zone.
18:52 of 2nd period - Penalty to Cristoval Nieves is over, Cristoval Nieves is back on ice.
Goals for this period are 2 for Rockets vs 3 for Phantoms.
Shots for this period are 9 for Rockets vs 9 for Phantoms.

3rd period


0:01 of 3rd period - Lucas Wallmarkk wins face-off versus Nick Suzuki in neutral zone.
0:32 of 3rd period - Snap shot by Rem Pitlick.
0:32 of 3rd period - Goal by Rem Pitlick - Rockets : 4 - Phantoms : 5.
0:33 of 3rd period - Lucas Wallmarkk wins face-off versus Nick Suzuki in neutral zone.
0:38 of 3rd period - Snap shot by Joe Snively.
0:38 of 3rd period - Deflect By Nick Suzuki.
0:38 of 3rd period - Shot Misses the Net.
0:38 of 3rd period - Puck is out of play.
0:39 of 3rd period - Lucas Wallmarkk wins face-off versus Nick Suzuki in Rockets zone.
0:42 of 3rd period - Snap shot by Lucas Wallmarkk.
0:42 of 3rd period - Stopped by Pyotr Kochetkov with a rebound.
1:06 of 3rd period - Snap shot by Lucas Wallmarkk.
1:06 of 3rd period - Stopped by Pyotr Kochetkov without a rebound.
1:07 of 3rd period - Matias Maccelli wins face-off versus Cristoval Nieves in Rockets zone.
1:18 of 3rd period - Wrist shot by Josh Anderson.
1:18 of 3rd period - Shot Blocked by Andrey Pedan.
1:21 of 3rd period - Icing by Cristoval Nieves.
1:22 of 3rd period - Nick Suzuki wins face-off versus Cristoval Nieves in Phantoms zone.
1:25 of 3rd period - Slapshot by Brady Tkachuk.
1:25 of 3rd period - Deflect By Nick Suzuki.
1:25 of 3rd period - Stopped by Zachary Fucale with a rebound.
1:33 of 3rd period - Wrist shot by Rem Pitlick.
1:33 of 3rd period - Stopped by Pyotr Kochetkov without a rebound.
1:34 of 3rd period - Nick Suzuki wins face-off versus Lucas Wallmarkk in Rockets zone.
1:45 of 3rd period - Snap shot by Nick Suzuki.
1:45 of 3rd period - Shot Misses the Net.
2:12 of 3rd period - Wrist shot by David Kampf.
2:12 of 3rd period - Shot Misses the Net.
2:14 of 3rd period - Wrist shot by Andrey Pedan.
2:14 of 3rd period - Deflect By Brett Murray.
2:14 of 3rd period - Shot Misses the Net.
2:14 of 3rd period - Puck is out of play.
2:15 of 3rd period - Lucas Wallmarkk wins face-off versus Kirby Dach in Rockets zone.
2:16 of 3rd period - Wrist shot by Joe Snively.
2:16 of 3rd period - Stopped by Pyotr Kochetkov with a rebound.
2:18 of 3rd period - Wrist shot by Joe Snively.
2:18 of 3rd period - Shot Misses the Net.
2:20 of 3rd period - Wrist shot by Lucas Wallmarkk.
2:20 of 3rd period - Shot Misses the Net.
2:22 of 3rd period - Snap shot by Lucas Wallmarkk.
2:22 of 3rd period - Stopped by Pyotr Kochetkov with a rebound.
2:24 of 3rd period - Snap shot by Matt Kiersted.
2:24 of 3rd period - Shot Blocked by Jeff Corbett.
2:26 of 3rd period - Wrist shot by Matt Kiersted.
2:26 of 3rd period - Deflect By Joe Snively.
2:26 of 3rd period - Stopped by Pyotr Kochetkov with a rebound.
2:28 of 3rd period - Slapshot by Matt Kiersted.
2:28 of 3rd period - Shot Misses the Net.
2:30 of 3rd period - Snap shot by Sven Andrighetto.
2:30 of 3rd period - Stopped by Pyotr Kochetkov without a rebound.
2:31 of 3rd period - Nick Suzuki wins face-off versus Cristoval Nieves in Rockets zone.
3:01 of 3rd period - Slapshot by Andrey Pedan.
3:01 of 3rd period - Deflect By Sven Andrighetto.
3:01 of 3rd period - Stopped by Pyotr Kochetkov with a rebound.
3:27 of 3rd period - Slapshot by Jacob Larsson.
3:27 of 3rd period - Shot Blocked by Brett Murray.
4:01 of 3rd period - Slapshot by Jacob Larsson.
4:01 of 3rd period - Shot Blocked by Ty Smith.
4:37 of 3rd period - Matt Kiersted is hit by Nicolas Hague and loses puck.
5:02 of 3rd period - Backhand shot by Brett Murray.
5:02 of 3rd period - Shot Misses the Net.
5:04 of 3rd period - Snap shot by Nick Sorensen.
5:04 of 3rd period - Stopped by Pyotr Kochetkov with a rebound.
5:06 of 3rd period - Snap shot by Nick Sorensen.
5:06 of 3rd period - Stopped by Pyotr Kochetkov without a rebound.
5:07 of 3rd period - Cristoval Nieves wins face-off versus Nick Suzuki in Rockets zone.
5:12 of 3rd period - Snap shot by Rem Pitlick.
5:12 of 3rd period - Shot Misses the Net.
5:20 of 3rd period - Wrist shot by Rem Pitlick.
5:20 of 3rd period - Stopped by Pyotr Kochetkov with a rebound.
5:22 of 3rd period - Wrist shot by Rem Pitlick.
5:22 of 3rd period - Shot Misses the Net.
6:30 of 3rd period - Snap shot by Laurent Dauphin.
6:30 of 3rd period - Shot Misses the Net.
6:32 of 3rd period - Slapshot by Ty Smith.
6:32 of 3rd period - Stopped by Pyotr Kochetkov with a rebound.
6:34 of 3rd period - Backhand shot by Ty Smith.
6:34 of 3rd period - Shot Misses the Net.
6:53 of 3rd period - Minor Penalty to Mikko Lehtonen for Slashing.
6:54 of 3rd period - Lucas Wallmarkk wins face-off versus Nick Suzuki in Phantoms zone.
7:02 of 3rd period - Joe Snively is hit by Nick Suzuki and loses puck.
8:53 of 3rd period - Penalty to Mikko Lehtonen is over, Mikko Lehtonen is back on ice.
8:58 of 3rd period - Mikko Lehtonen is hit by Nick Blankenburg and loses puck.
9:23 of 3rd period - Wrist shot by Josiah Slavin.
9:23 of 3rd period - Stopped by Pyotr Kochetkov without a rebound.
9:24 of 3rd period - Josh Anderson wins face-off versus Cristoval Nieves in Rockets zone.
9:29 of 3rd period - Wrist shot by Cristoval Nieves.
9:29 of 3rd period - Stopped by Pyotr Kochetkov without a rebound.
9:30 of 3rd period - Nick Sorensen wins face-off versus Grant Besse in Rockets zone.
9:37 of 3rd period - Snap shot by Rem Pitlick.
9:37 of 3rd period - Stopped by Pyotr Kochetkov with a rebound.
10:17 of 3rd period - Wrist shot by Zach Stepan.
10:17 of 3rd period - Stopped by Zachary Fucale without a rebound.
10:18 of 3rd period - Brady Tkachuk wins face-off versus Lucas Wallmarkk in Phantoms zone.
11:36 of 3rd period - Nicolas Hague is hit by Mikko Lehtonen.
11:54 of 3rd period - Slapshot by Nicolas Hague.
11:54 of 3rd period - Stopped by Zachary Fucale with a rebound.
12:29 of 3rd period - Off-side.
12:30 of 3rd period - Cristoval Nieves wins face-off versus Eric Karlsson in neutral zone.
13:17 of 3rd period - Wrist shot by Josh Anderson.
13:17 of 3rd period - Deflect By Matias Maccelli.
13:17 of 3rd period - Shot Blocked by Ty Smith.
13:17 of 3rd period - Puck is out of play.
13:18 of 3rd period - Grant Besse wins face-off versus David Kampf in Phantoms zone.
13:34 of 3rd period - Slapshot by Rinat Valiev.
13:34 of 3rd period - Shot Misses the Net.
13:44 of 3rd period - Wrist shot by Matias Maccelli.
13:44 of 3rd period - Goal by Matias Maccelli - Rockets : 5 - Phantoms : 5.
13:45 of 3rd period - Lucas Wallmarkk wins face-off versus Nick Suzuki in neutral zone.
13:47 of 3rd period - Double Minor Penalty to Matt Kiersted for High sticking.
13:48 of 3rd period - Lucas Wallmarkk wins face-off versus Nick Suzuki in Phantoms zone.
15:08 of 3rd period - Sven Andrighetto is hit by Kirby Dach and loses puck.
15:49 of 3rd period - Jeff Corbett is hit by A.J. Greer and loses puck.
16:08 of 3rd period - Cristoval Nieves is hit by Tage Thompson and loses puck.
17:38 of 3rd period - Jacob Larsson is hit by David Kampf and loses puck.
17:47 of 3rd period - Penalty to Matt Kiersted is over, Matt Kiersted is back on ice.
18:17 of 3rd period - Slapshot by David Kampf.
18:17 of 3rd period - Shot Blocked by Grant Besse.
18:19 of 3rd period - Snap shot by Brett Murray.
18:19 of 3rd period - Shot Misses the Net.
18:21 of 3rd period - Snap shot by Matt Kiersted.
18:21 of 3rd period - Shot Blocked by Bowen Byram.
18:23 of 3rd period - Slapshot by Ty Smith.
18:23 of 3rd period - Stopped by Pyotr Kochetkov with a rebound.
18:25 of 3rd period - Wrist shot by Brett Murray.
18:25 of 3rd period - Deflect By David Kampf.
18:25 of 3rd period - Stopped by Pyotr Kochetkov without a rebound.
18:26 of 3rd period - Nick Suzuki wins face-off versus Lucas Wallmarkk in Rockets zone.
18:41 of 3rd period - Tage Thompson is hit by Lucas Wallmarkk and loses puck.
19:10 of 3rd period - Minor Penalty to Nick Suzuki for Interference.
19:11 of 3rd period - Lucas Wallmarkk wins face-off versus Grant Besse in Rockets zone.
19:24 of 3rd period - Josh Anderson is hit by Lucas Wallmarkk and loses puck.
19:47 of 3rd period - Nicolas Hague is hit by Cristoval Nieves and loses puck.
Goals for this period are 1 for Rockets vs 1 for Phantoms.
Shots for this period are 4 for Rockets vs 18 for Phantoms.

Overtime #1


0:01 of 1st overtime period - Tage Thompson wins face-off versus Lucas Wallmarkk in neutral zone.
0:06 of 1st overtime period - Wrist shot by Tage Thompson.
0:06 of 1st overtime period - Shot Misses the Net.
0:52 of 1st overtime period - Slapshot by Jacob Larsson.
0:52 of 1st overtime period - Shot Blocked by Matt Kiersted.
0:54 of 1st overtime period - Wrist shot by Nicolas Hague.
0:54 of 1st overtime period - Deflect By Cristoval Nieves.
0:54 of 1st overtime period - Stopped by Zachary Fucale with a rebound.
1:10 of 1st overtime period - Penalty to Nick Suzuki is over, Nick Suzuki is back on ice.
1:24 of 1st overtime period - Slapshot by Brady Tkachuk.
1:24 of 1st overtime period - Deflect By Nick Suzuki.
1:24 of 1st overtime period - Stopped by Zachary Fucale with a rebound.
1:26 of 1st overtime period - Slapshot by Jacob Bryson.
1:26 of 1st overtime period - Deflect By Sven Andrighetto.
1:26 of 1st overtime period - Stopped by Zachary Fucale without a rebound.
1:27 of 1st overtime period - Sven Andrighetto wins face-off versus Nick Suzuki in Phantoms zone.
1:42 of 1st overtime period - Rem Pitlick is hit by Jeff Corbett and loses puck.
1:59 of 1st overtime period - Slapshot by Jeff Corbett.
1:59 of 1st overtime period - Shot Blocked by Sven Andrighetto.
2:24 of 1st overtime period - Off-side.
2:25 of 1st overtime period - Cristoval Nieves wins face-off versus Nick Suzuki in neutral zone.
2:34 of 1st overtime period - Wrist shot by Cristoval Nieves.
2:34 of 1st overtime period - Stopped by Pyotr Kochetkov with a rebound.
2:36 of 1st overtime period - Slapshot by David Kampf.
2:36 of 1st overtime period - Shot Misses the Net.
2:38 of 1st overtime period - Snap shot by Cristoval Nieves.
2:38 of 1st overtime period - Shot Misses the Net.
2:40 of 1st overtime period - Slapshot by Andrey Pedan.
2:40 of 1st overtime period - Deflect By Cristoval Nieves.
2:40 of 1st overtime period - Stopped by Pyotr Kochetkov with a rebound.
2:50 of 1st overtime period - Joe Snively is hit by Kirby Dach and loses puck.
3:07 of 1st overtime period - Slapshot by Rem Pitlick.
3:07 of 1st overtime period - Stopped by Pyotr Kochetkov without a rebound.
3:08 of 1st overtime period - Lucas Wallmarkk wins face-off versus Nick Suzuki in Rockets zone.
3:09 of 1st overtime period - Snap shot by Rem Pitlick.
3:09 of 1st overtime period - Stopped by Pyotr Kochetkov without a rebound.
3:10 of 1st overtime period - Nick Suzuki wins face-off versus Lucas Wallmarkk in Rockets zone.
3:14 of 1st overtime period - Off-side.
3:15 of 1st overtime period - Sven Andrighetto wins face-off versus Nick Suzuki in neutral zone.
3:18 of 1st overtime period - Slapshot by Andrey Pedan.
3:18 of 1st overtime period - Stopped by Pyotr Kochetkov with a rebound.
3:30 of 1st overtime period - Slapshot by Jacob Larsson.
3:30 of 1st overtime period - Stopped by Zachary Fucale with a rebound.
3:54 of 1st overtime period - Snap shot by Rem Pitlick.
3:54 of 1st overtime period - Stopped by Pyotr Kochetkov with a rebound.
Goals for this period are 0 for Rockets vs 0 for Phantoms.
Shots for this period are 4 for Rockets vs 6 for Phantoms.

ShootOut


5:00 of 1st overtime period - Round #1.
5:00 of 1st overtime period - Rockets, Nick Suzuki.
5:00 of 1st overtime period - Wrist shot by Nick Suzuki.
5:00 of 1st overtime period - Stopped by Zachary Fucale.
5:00 of 1st overtime period - Phantoms, Joe Snively.
5:00 of 1st overtime period - Wrist shot by Joe Snively.
5:00 of 1st overtime period - Stopped by Pyotr Kochetkov.
5:00 of 1st overtime period - Round #2.
5:00 of 1st overtime period - Rockets, Cole Caufield.
5:00 of 1st overtime period - Snap shot by Cole Caufield.
5:00 of 1st overtime period - Stopped by Zachary Fucale.
5:00 of 1st overtime period - Phantoms, Sven Andrighetto.
5:00 of 1st overtime period - Deke by Sven Andrighetto.
5:00 of 1st overtime period - Shot Misses the Net.
5:00 of 1st overtime period - Round #3.
5:00 of 1st overtime period - Rockets, Josh Anderson.
5:00 of 1st overtime period - Wrist shot by Josh Anderson.
5:00 of 1st overtime period - Stopped by Zachary Fucale.
5:00 of 1st overtime period - Phantoms, Nick Sorensen.
5:00 of 1st overtime period - Deke by Nick Sorensen.
5:00 of 1st overtime period - Stopped by Pyotr Kochetkov.
5:00 of 1st overtime period - Round #4.
5:00 of 1st overtime period - Rockets, Zach Stepan.
5:00 of 1st overtime period - Snap shot by Zach Stepan.
5:00 of 1st overtime period - Goal by Zach Stepan.
5:00 of 1st overtime period - Phantoms, Lucas Wallmarkk.
5:00 of 1st overtime period - Deke by Lucas Wallmarkk.
5:00 of 1st overtime period - Stopped by Pyotr Kochetkov.